 Dungeon Crawl Stone Soup version 0.26-a0-52-gd53d4cd058 (webtiles) character file.

Game seed: 9207610633070128271

121 Nixze the Magician (level 4, 0/24 HPs)
             Began as a Deep Elf Wizard on June 6, 2020.
             Was a Follower of Sif Muna.
             Slain by a gnoll
             ... wielding a +0 whip
              (7 damage)
             ... on level 3 of the Dungeon.
             The game lasted 00:05:57 (3531 turns).

Nixze the Magician (Deep Elf Wizard)                Turns: 3531, Time: 00:05:58

Health: 0/24       AC:  3    Str:  4    XL:     4   Next: 77%
Magic:  4/13       EV: 12    Int: 24    God:    Sif Muna [*.....]
Gold:   167        SH:  0    Dex: 13    Spells: 7/13 levels left

rFire    . . .     SeeInvis .   s - +2 dagger (elec)
rCold    . . .     Gourm    .   (no shield)
rNeg     . . .     Faith    .   p - +0 leather armour
rPois    .         Spirit   .   b - +0 hat
rElec    .         Reflect  .   (no cloak)
rCorr    .         Harm     .   (no gloves)
MR       .....                  (no boots)
Stlth    ++........             o - amulet of the acrobat
HPRegen  0.08/turn              (no ring)
MPRegen  0.13/turn              (no ring)

@: very slightly contaminated
A: no striking features
a: Channel Magic, Renounce Religion


You were on level 3 of the Dungeon.
You worshipped Sif Muna.
Sif Muna was aware of your devotion.
You were hungry.

You visited 1 branch of the dungeon, and saw 3 of its levels.

You collected 167 gold pieces.

Inventory:

Hand Weapons
 s - a +2 dagger of electrocution (weapon)
Missiles
 g - 115 stones
 h - 6 poisoned darts (quivered)
 i - 26 sling bullets
Armour
 a - a +0 robe
 b - a +0 hat (worn)
 p - a +0 leather armour (worn)
Jewellery
 o - an amulet of the acrobat (around neck)
Scrolls
 c - a scroll of fog {unknown}
 e - 2 scrolls of teleportation {unknown}
 f - a scroll of remove curse {unknown}
 l - 2 scrolls of identify {unknown}
 m - a scroll of fear {unknown}
 q - a scroll of immolation {unknown}
 t - a scroll of amnesia {unknown}
 v - 2 scrolls of magic mapping {unknown}
Potions
 j - 3 potions of might {unknown}
 k - 2 potions of flight {unknown}
 n - 2 potions of lignification {unknown}
 r - a potion of haste {unknown}
 u - a potion of magic {unknown}
 w - a potion of curing {unknown}
Comestibles
 d - 7 rations


   Skills:
 + Level 0.8 Fighting
 + Level 0.3 Short Blades
 + Level 2.8 Dodging
 + Level 3.1 Stealth
 + Level 5.2 Spellcasting
 + Level 3.2 Conjurations
   Level 1.1 Summonings
 + Level 1.3 Translocations
 + Level 0.3 Air Magic
 + Level 0.6 Poison Magic


You had 7 spell levels left.
You knew the following spells:

 Your Spells              Type           Power        Failure   Level  Hunger
a - Magic Dart            Conj           ###.         4%          1    None
b - Blink                 Tloc           N/A          14%         2    None
c - Mephitic Cloud        Conj/Pois/Air  ##......     26%         3    ##.....

Your spell library contained the following spells:

 Spells                   Type           Power        Failure   Level  Hunger
 Call Imp                 Summ           ##......     16%         2    None
 Slow                     Hex            #.......     24%         2    None
 Conjure Flame            Conj/Fire      ##......     24%         3    ##.....


Dungeon Overview and Level Annotations

Branches:
Dungeon (3/15)

Altars:
Sif Muna
Uskayaw
Vehumet


Message History

Confirm with . or Enter, or press ? or * to list all spells.
Aiming: Magic Dart (safe; 4% risk of failure)
Press: ? - help, Shift-Dir - straight line, f/p - gnoll
Aim: a gnoll (almost dead)
The magic dart hits the gnoll but does no damage.
The gnoll is almost dead.
The gnoll misses you.
The gnoll hits you from afar with a +0 spear.
Casting: Magic Dart (safe; 4% risk of failure)
Confirm with . or Enter, or press ? or * to list all spells.
Aiming: Magic Dart (safe; 4% risk of failure)
Press: ? - help, Shift-Dir - straight line, f/p - gnoll
Aim: a gnoll (almost dead)
The magic dart hits the gnoll.
You kill the gnoll!
Sif Muna accepts your kill.
The gnoll hits you from afar with a +0 spear.
* * * LOW HITPOINT WARNING * * *
The gnoll hits you with a +0 whip!
You die...

#. #. #######################
#.####..........##.........#
.....#..........##.........#
................##.........###
....g#........gg##...........####
.....#######.†g†@............÷...
.....# #....#####.....#.....####
....s# #.......##.....#.....#
.....# #...>................#
...g.# #........#.....#.....#
gg...####........#######.....#
.....#..'.......... #.....#
...!.#.##........## #######.####
.....#.#######...# #...........


You could see 3 gnolls.

Vanquished Creatures
  4 adders
  A gnoll (D:3)
  3 worms
  3 leopard geckos
  An orc (D:3)
  3 giant cockroaches
  9 goblins
  5 hobgoblins
  4 jackals (D:3)
  8 kobolds
  A quokka (D:2)
  A ball python (D:3)
  8 bats
  5 frilled lizards
  7 rats
63 creatures vanquished.

Notes
Turn   | Place    | Note
-------+----------+-------------------------------------------
     0 | D:1      | Nixze the Deep Elf Wizard began the quest for the Orb.
     0 | D:1      | Reached XP level 1. HP: 10/10 MP: 7/7
   299 | D:1      | Reached XP level 2. HP: 15/15 MP: 4/9
   724 | D:1      | Reached skill level 5 in Spellcasting
  1134 | D:2      | Found a shimmering blue altar of Sif Muna.
  1140 | D:2      | Became a worshipper of Sif Muna the Loreminder
  1185 | D:2      | Reached XP level 3. HP: 18/19 MP: 3/11
  1351 | D:2      | Found a radiant altar of Vehumet.
  1826 | D:2      | Reached XP level 4. HP: 24/24 MP: 10/13
  1965 | D:2      | Learned a level 2 spell: Blink
  1969 | D:2      | Learned a level 3 spell: Mephitic Cloud
  2001 | D:2      | Reached * piety under Sif Muna
  2935 | D:3      | Found a hide-covered altar of Uskayaw.
  3531 | D:3      | Slain by a gnoll

Illustrated notes

Levels and vault maps discovered:
D:1:      minmay_arrival_glassed_features, layout_loops_ring, minivault_25,
          hangedman_decor_points
D:2:      cheibrodos_helix_gallery, layout_basic, lemuel_round_altar,
          led_sif_pool, first_ration
D:3:      layout_basic, marbit_many_paths, eat_drink_and_be_merry_uskayaw

Skill      XL: |  1  2  3  4 |
---------------+-------------+-----
Conjurations   | 2 3 |  3.2
Spellcasting   | 5 |  5.2
Stealth        | 3 |  3.1
Fighting       | |  0.8
Short Blades   | |  0.3
Dodging        | |  2.8
Summonings     | |  1.1
Translocations | |  1.3
Air Magic      | |  0.3
Poison Magic   | |  0.6

Action                   |  1- 3 |  4- 6 || total
-------------------------+-------+-------++-------
Throw: Stone             |     2 |    14 ||    16
       Dart              |       |     2 ||     2
 Cast: Magic Dart        |    77 |    77 ||   154
  Eat: Chunk             |     3 |     4 ||     7
Armor: Leather armour    |     1 |     7 ||     8
       Robe              |     1 |       ||     1
Dodge: Dodged            |     9 |    18 ||    27

Table legend:
 A = Non-vault XP
 B = Vault XP
 C = Vault XP percentage of total XP
 D = Non-vault monster count
 E = Vault monster count
 F = Vault count percentage of total count
                 A         B        C        D         E       F
            +---------+---------+-------+---------+---------+-------
      Total |     159 |      15 |   8.6 |      61 |       2 |   3.2
            +---------+---------+-------+---------+---------+-------
        D:1 |      30 |       0 |   0.0 |      18 |       0 |   0.0
        D:2 |      64 |      15 |  19.0 |      24 |       2 |   7.7
        D:3 |      65 |       0 |   0.0 |      19 |       0 |   0.0
            +---------+---------+-------+---------+---------+-------
